[Event "Late-Titled-Tuesday-Blitz-April-16-2024"]
[Site "Chess.com"]
[Date "2024.04.16"]
[Round "3"]
[White "pedroholly22"]
[Black "WoodlandMagic"]
[Result "0-1"]
[WhiteElo "2495"]
[BlackElo "2820"]
[TimeControl "180+1"]
[EndTime "14:28:35 PDT"]
[Termination "WoodlandMagic won by resignation"]

1. d4 Nf6 2. Nf3 d5 3. Bf4 c5 4. e3 Nc6 5. c3 Qb6 6. Qb3 Bf5 7. dxc5 Qxc5 8. Qxb7 Rc8 9. Nbd2 g5 10. Nb3 Qb6 11.
Qxb6 axb6 12. Bxg5 Ne4 13. Bf4 f6 14. Nfd2 e5 15. Nxe4 Bxe4 16. Bg3 h5 17. f3 Bf5 18.
Bf2 Kf7 19. g3 Nb4 20. Kd2 d4 21. exd4 Bh6+ 22. f4 exf4 23. gxf4 Bxf4+ 24. Be3 Bxe3+ 25. Kxe3 Nc2+ 26. Kf4 Rhg8 27. Be2 Nxa1 28. Kxf5 Nxb3 29. axb3 Rg5+ 30. Kf4 Re8 31. Bf3 Kg6 32. h4 Rf5+ 33.
Kg3 Re3 34. Rf1 Kg7 35. Kg2 Rf4 36. Kg3 Rg4+ 37. Kh3 f5 38. d5 Kf6 39. d6 Ke6 40.
Kh2 Rxh4+ 41. Kg3 Rg4+ 42. Kf2 f4 43. Rh1 Rg5 44. Bxh5 Kxd6 45. Bf3 Rg3 46. Rh6+ Ke5 47. Rh5+ Kf6 48. Bd1 Rd3 49. Be2 Rd2 50. Ke1 Rxb2 51. Rb5 Re3 52. Rxb6+ Ke7 53. Kd1 Rbxe2 54. b4 Rh2 0-1

[Event "Late-Titled-Tuesday-Blitz-April-16-2024"]
[Site "Chess.com"]
[Date "2024.04.16"]
[Round "3"]
[White "Bykov_Egor"]
[Black "laskakid"]
[Result "1-0"]
[WhiteElo "2586"]
[BlackElo "2366"]
[TimeControl "180+1"]
[EndTime "14:28:36 PDT"]
[Termination "Bykov_Egor won by resignation"]

1. d4 d6 2. Nf3 Nf6 3. c4 g6 4.
Nc3 Bg7 5. e4 O-O 6. Be2 e5 7.
Be3 exd4 8. Nxd4 Re8 9. f3 c6 10. Bf2 d5 11. exd5 cxd5 12. O-O Nc6 13. c5 Bf8 14. Nb3 a6 15. Re1 Nh5 16. Bf1 Be6 17.
Qd2 Qf6 18. Nxd5 Bxd5 19. Qxd5 Qxb2 20. Rab1 Qf6 21. Qd7 Ne5 22. Qxb7 Nf4 23. Re3 Rab8 24. Qxa6 Qxa6 25. Bxa6 Bxc5 26. Re4 Bxf2+ 27. Kxf2 g5 28. Nd2 Rbd8 29. Nf1 f5 30. Re3 Ned3+ 31. Bxd3 Nxd3+ 32. Kg1 f4 33. Rxe8+ Rxe8 34. a4 Ra8 35. Ra1 Nb2 36. a5 Nc4 37. a6 Nd6 38. Nd2 Nb5 39. Ne4 h6 40. Nf6+ Kf7 41. Nd5 Ke6 42. Ra5 Kxd5 43.
Rxb5+ Kc6 44. Ra5 Kb6 45. Ra2 Rxa6 46. Rxa6+ Kxa6 47. h4 Kb5 48. hxg5 hxg5 49. Kh2 Kc4 50. Kh3 Kd4 51. Kg4 Ke3 52. Kxg5 Kf2 53. Kxf4 Kxg2 54. Kg4 Kf2 55. f4 1-0

[Event "Late-Titled-Tuesday-Blitz-April-16-2024"]
[Site "Chess.com"]
[Date "2024.04.16"]
[Round "3"]
[White "LiemLe"]
[Black "aa175"]
[Result "1-0"]
[WhiteElo "3043"]
[BlackElo "2744"]
[TimeControl "180+1"]
[EndTime "14:28:37 PDT"]
[Termination "LiemLe won by resignation"]

1. Nf3 d5 2. e3 Bf5 3. c4 c6 4. cxd5 cxd5 5. Qb3 Qc8 6. Nc3 e6 7. d4 Nc6 8. Bd2 a6 9. Rc1 Bd6 10. Na4 Qc7 11. Ne5 Nge7 12. Nb6 Rd8 13. Nxc6 Nxc6 14.
Be2 O-O 15. h4 Na5 16. Rxc7 Nxb3 17. Rxb7 Nxd2 18. Kxd2 Bb4+ 19. Kd1 Rb8 20. Rxb8 Rxb8 21. Nd7 Rc8 22. Nc5 Bxc5 23. dxc5 Rxc5 24. g4 Bg6 25. h5 Be4 26. f3 Bb1 27. a3 a5 28. g5 e5 29. Rh4 Bc2+ 30. Ke1 Bb3 31. Bd3 h6 32. gxh6 gxh6 33. Kd2 f6 34. Rg4+ Kf7 35.
Rg6 e4 36. fxe4 dxe4 37. Bxe4 Rxh5 38. Kc3 Re5 39. Rxh6 Rxe4 40. Kxb3 a4+ 41. Kc3 Rxe3+ 42. Kc2 f5 43. Rh7+ Ke6 44. Ra7 Re4 45. b4 f4 46.
Ra6+ Kf5 47. Rxa4 f3 48. Ra8 Rf4 49. Kd2 f2 50. Rf8+ Kg4 51. Rxf4+ Kxf4 52. Ke2 Kg3 53. Kf1 Kf3 54. b5 1-0

[Event "Late-Titled-Tuesday-Blitz-April-16-2024"]
[Site "Chess.com"]
[Date "2024.04.16"]
[Round "3"]
[White "sergiochess83"]
[Black "Revan_2002"]
[Result "0-1"]
[WhiteElo "2950"]
[BlackElo "2729"]
[TimeControl "180+1"]
[EndTime "14:28:37 PDT"]
[Termination "Revan_2002 won by resignation"]

1. d4 Nf6 2. c4 e6 3. Nc3 Bb4 4. e3 O-O 5. Bd3 d5 6. cxd5 Qxd5 7. Nf3 c5 8. O-O Bxc3 9. bxc3 Nc6 10. Qe2 Qh5 11. e4 e5 12. d5 Ne7 13. Nd2 Bg4 14. f3 Bd7 15. Rb1 b6 16. Bb5 Ng6 17. Bxd7 Nxd7 18. g3 f5 19. exf5 Qxf5 20. c4 h6 21. Ne4 Kh7 22. a4 Rab8 23. Bd2 Ne7 24. a5 Qg6 25. axb6 axb6 26. Bc3 Nf5 27. Ra1 Ra8 28. Qd3 Nd4 29. Kg2 Rxa1 30. Bxa1 Ra8 31. Bxd4 exd4 32. f4 Ra2+ 33. Rf2 Rxf2+ 34. Nxf2 Qxd3 35.
Nxd3 Kg6 36. Kf3 h5 37. Ne5+ Nxe5+ 38. fxe5 Kf5 39. e6 Kf6 40. Ke4 g6 41. h4 Ke7 42.
Ke5 d3 43. d6+ Ke8 44. e7 d2 0-1

[Event "Late-Titled-Tuesday-Blitz-April-16-2024"]
[Site "Chess.com"]
[Date "2024.04.16"]
[Round "3"]
[White "platy3"]
[Black "diokletian"]
[Result "0-1"]
[WhiteElo "2892"]
[BlackElo "2675"]
[TimeControl "180+1"]
[EndTime "14:28:40 PDT"]
[Termination "diokletian won by resignation"]

1. e4 e6 2. d4 d5 3. Nc3 Nf6 4. e5 Nfd7 5. f4 c5 6. Nf3 Nc6 7. Be3 Qb6 8. Na4 Qa5+ 9. c3 b6 10. Bd2 c4 11. b4 Nxb4 12. cxb4 Bxb4 13. Qc2 Bxd2+ 14. Nxd2 b5 15. Nc3 O-O 16. Be2 b4 17. Nd1 Qb6 18. Nf3 f6 19. Nf2 a5 20. Qa4 Nb8 21. O-O Bd7 22. Qc2 Nc6 23. Qd2 fxe5 24. fxe5 a4 25. Rab1 Be8 26. a3 Bg6 27. Rb2 b3 28.
Rd1 Na7 29. Rc1 Rac8 30. Rc3 Nb5 31. h4 Nxa3 32. h5 Bxh5 33. Qg5 Bxf3 34. Rxf3 Qxd4 35. Rd2 h6 36. Qg6 Qxd2 37. Qxe6+ Kh8 38. Qe7 Qc1+ 39. Kh2 Rxf3 40. Bxf3 Qf4+ 41. Kh3 b2 42. Qb7 Rf8 43. Qxb2 Qf5+ 44. Kh2 Nc2 45. Qb6 Ne1 46. Qd6 Nxf3+ 47. gxf3 Qf4+ 48. Kh1 Qxf3+ 0-1

[Event "Late-Titled-Tuesday-Blitz-April-16-2024"]
[Site "Chess.com"]
[Date "2024.04.16"]
[Round "3"]
[White "Manukyan_Artak"]
[Black "Fjal"]
[Result "1-0"]
[WhiteElo "2506"]
[BlackElo "2317"]
[TimeControl "180+1"]
[EndTime "14:28:40 PDT"]
[Termination "Manukyan_Artak won by resignation"]

1. e4 d6 2. d4 g6 3. c4 Bg7 4.
Nc3 Nc6 5. Be3 e5 6. d5 Nd4 7.
Nge2 Nxe2 8. Bxe2 Ne7 9. g4 c5 10. dxc6 bxc6 11. h4 h6 12. Qd2 Be6 13. O-O-O Nc8 14. c5 Bf8 15. f4 Qa5 16. f5 Bxa2 17.
Nxa2 Qxa2 18. Qc3 Rb8 19. cxd6 Qa1+ 20. Kc2 Qa4+ 21. Kb1 Bxd6 22. Rxd6 Qxe4+ 23. Rd3 Qxh1+ 24. Ka2 Qe4 25. Bf3 Qa4+ 26. Kb1 O-O 27. Bxh6 Re8 28. Bxc6 Qxg4 29. Bxe8 Qg1+ 30. Bc1 Nb6 31. Qxe5 Na4 32. Bxf7+ Kxf7 33. fxg6+ Qxg6 34. Qc7+ Ke6 35. Qd6+ Kf7 36. Qd7+ Kg8 37. Ka2 Qf7+ 38. Qxf7+ Kxf7 39. Rd7+ Kg6 40. Rxa7 Nc5 41. Ra5 Nd3 42. Ra6+ Kh5 43. Rc6 Nxc1+ 44. Rxc1 Kxh4 45. Rg1 Kh3 46. Rg7 Rd8 47. b4 Rd1 48. Kb3 Rb1+ 49. Ka4 Kh4 50. Kb5 Kh5 51. Kc5 Kh6 52. Rg2 1-0

[Event "Late-Titled-Tuesday-Blitz-April-16-2024"]
[Site "Chess.com"]
[Date "2024.04.16"]
[Round "3"]
[White "Stanbad1"]
[Black "FairChess_on_YouTube"]
[Result "1-0"]
[WhiteElo "2631"]
[BlackElo "3081"]
[TimeControl "180+1"]
[EndTime "14:28:41 PDT"]
[Termination "Stanbad1 won on time"]

1. d4 g6 2. Nc3 Bg7 3. e4 c6 4.
Be3 d5 5. Nf3 Nf6 6. e5 Ng4 7. Bf4 f6 8. h3 fxe5 9. dxe5 O-O 10.
Qd2 Rxf4 11. Qxf4 Qb6 12. Ng5 Nxe5 13. O-O-O a5 14. Bd3 Qb4 15. Qg3 Qd6 16. Kb1 Nbd7 17. Rhe1 Nc5 18. Bf1 Bf5 19. Qe3 b5 20. g4 b4 21.
Nxd5 Bxc2+ 22. Kxc2 cxd5 23. f4 Nc6 24. Bg2 b3+ 25. axb3 Nb4+ 26. Kb1 a4 27. Qxe7 Qxe7 28. Rxe7 a3 29. bxa3 Rxa3 30. Rxg7+ Kxg7 31. Bxd5 Ncd3 32. Bc4 Nxf4 33. Rd7+ Kf6 34. Nf3 Nfd5 35. g5+ Kf5 36. Nd4+ Ke4 37. Nc2 Ra5 38. Nxb4 Nxb4 39. Rxh7 Rxg5 40.
h4 Rg2 41. Rb7 Nd5 42. Rd7 Nc3+ 43. Kc1 Rh2 44. b4 Rxh4 45. b5 Ke3 46. Rd3+ Ke4 47.
Rxc3 Kd4 48. Rc2 Kc5 49. Bd3+ Kb6 50. Rc6+ Ka5 51. Ra6+ Kb4 52. b6 Kc3 53. Ra3+ 1-0

[Event "Late-Titled-Tuesday-Blitz-April-16-2024"]
[Site "Chess.com"]
[Date "2024.04.16"]
[Round "3"]
[White "chessisveryfun1264"]
[Black "rdarruda"]
[Result "1-0"]
[WhiteElo "2747"]
[BlackElo "2539"]
[TimeControl "180+1"]
[EndTime "14:28:41 PDT"]
[Termination "chessisveryfun1264 won by resignation"]

1. e4 c5 2. Nf3 Nc6 3. Bb5 g6 4. O-O Bg7 5. c3 Nf6 6. Re1 O-O 7. d4 cxd4 8. cxd4 d5 9. e5 Ne4 10. Nc3 Nxc3 11. bxc3 Bd7 12. Bd3 Rc8 13. Bf4 Na5 14. Rc1 Nc4 15. Ng5 Nb2 16. Qf3 Nxd3 17. Qxd3 Qb6 18.
e6 Bxe6 19. Nxe6 fxe6 20. Bg5 Rf7 21. Qe3 Rc6 22. h4 Bf6 23. Qg3 Bxg5 24. hxg5 Rf5 25.
Re3 Qc7 26. Qg4 Qf4 27. Qe2 Qxg5 28. Rb1 Rb6 29. Rxb6 axb6 30. Qb5 Qf4 31. Qe2 Rf6 32.
Rxe6 Qc1+ 33. Kh2 Qh6+ 34. Kg1 Qc1+ 35. Kh2 Qxc3 36. Rxf6 exf6 37. Qe8+ Kg7 38. Qe7+ Kh6 39. Qxf6 Qc7+ 40. g3 Qc8 41. Qf4+ Kg7 42. Qe5+ Kh6 43. Qxd5 Qc2 44. Kg2 Qc6 45. Qf3 Kg5 46. d5 Qd6 47.
Qe3+ Kf6 48. Qd4+ Kf7 49. a4 h5 50. Kf3 Ke7 51. Qe4+ Kf7 52. Qf4+ Ke7 53. Qxd6+ Kxd6 54. Ke4 g5 55. Kf5 h4 56. gxh4 gxh4 57. Kg4 Kxd5 58.
Kxh4 Kc4 59. f4 Kb4 60. f5 Kxa4 61. f6 1-0

[Event "Late-Titled-Tuesday-Blitz-April-16-2024"]
[Site "Chess.com"]
[Date "2024.04.16"]
[Round "3"]
[White "David_ATM"]
[Black "balachess2006"]
[Result "1/2-1/2"]
[WhiteElo "2480"]
[BlackElo "2687"]
[TimeControl "180+1"]
[EndTime "14:28:42 PDT"]
[Termination "Game drawn by stalemate"]

1. e4 c5 2. c3 Nf6 3. e5 Nd5 4. d4 cxd4 5. Nf3 Nc6 6. cxd4 d6 7.
Bc4 dxe5 8. dxe5 Nb6 9. Bd3 Bg4 10. O-O e6 11. Bb5 Qxd1 12. Rxd1 Bxf3 13. gxf3 Rc8 14. Be3 Nd7 15. f4 a6 16. Be2 Bc5 17. Nc3 Bxe3 18. fxe3 Nc5 19. Rac1 Ke7 20. Nd5+ exd5 21.
Rxc5 Nb4 22. Rxc8 Rxc8 23. a3 Rc2 24. Bf3 Nc6 25. b4 Rc3 26. Kf2 Rxa3 27. Bxd5 Nxb4 28.
Bxb7 a5 29. Be4 Ra2+ 30. Kf3 Rxh2 31. Ra1 Ra2 32. Rc1 Kd8 33. Bxh7 g6 34. e6 fxe6 35.
Bxg6 Ra3 36. Be4 Ke7 37. Rc7+ Kd6 38. Ra7 Na2 39. Ra6+ Ke7 40. Ra7+ Kf6 41. Ra6 Nb4 42. Rb6 Ke7 43. f5 exf5 44. Rb7+ Kd6 45. Bxf5 Nd5 46.
Ra7 Rxe3+ 47. Kf2 Ra3 48. Ke2 Ke5 49. Bh7 Kd4 50. Kd2 Ra2+ 51. Kc1 Nc3 52. Bg8 Ra1+ 53. Kb2 Rb1+ 54. Kc2 Rb5 55. Rd7+ Nd5 56. Bxd5 Rxd5 57. Rxd5+ Kxd5 58. Kb3 Kc5 59. Ka2 Kb6 60. Ka1 Kb5 61. Kb1 Kb4 62. Ka1 Ka3 63. Kb1 Kb3 64. Ka1 a4 65. Kb1 a3 66. Ka1 a2 1/2-1/2

[Event "Late-Titled-Tuesday-Blitz-April-16-2024"]
[Site "Chess.com"]
[Date "2024.04.16"]
[Round "3"]
[White "laziestwin"]
[Black "RianKapriaga"]
[Result "1-0"]
[WhiteElo "2559"]
[BlackElo "2294"]
[TimeControl "180+1"]
[EndTime "14:28:42 PDT"]
[Termination "laziestwin won by checkmate"]

1. e4 c6 2. Nf3 d5 3. d3 Bg4 4. Nbd2 Nd7 5. h3 Bxf3 6. Nxf3 e6 7. Be2 Bd6 8. O-O Ngf6 9. Re1 Qc7 10. Bf1 O-O 11.
b3 Rfd8 12. Bb2 dxe4 13. dxe4 Ne5 14. Nd2 Ng6 15. Qe2 Bh2+ 16. Kh1 Be5 17. Bxe5 Qxe5 18. Nc4 Qc7 19. g3 b5 20. Nb2 a6 21. Bg2 e5 22.
Rad1 h5 23. h4 Nf8 24. a4 Ne6 25. c3 Rxd1 26. Rxd1 Rd8 27. Bh3 Nf8 28. b4 g6 29.
f3 Kg7 30. Nd3 Qd6 31. Nb2 Qc7 32. axb5 Qb7 33. bxa6 Rxd1+ 34. Nxd1 Qa7 35. Ne3 Qc7 36. Qc4 Qa7 37. Nc2 Qf2 38. Qf1 Qxc2 39. a7 Qa2 40.
Qg1 Ne6 41. Bxe6 fxe6 42. Qc5 Kh6 43. Qf8+ Kh7 44. Qf7+ Kh6 45. Qxf6 Qf2 46. Qh8# 1-0

[Event "Late-Titled-Tuesday-Blitz-April-16-2024"]
[Site "Chess.com"]
[Date "2024.04.16"]
[Round "3"]
[White "Speed-O-Sonic"]
[Black "cristiano78"]
[Result "1-0"]
[WhiteElo "2546"]
[BlackElo "2283"]
[TimeControl "180+1"]
[EndTime "14:28:43 PDT"]
[Termination "Speed-O-Sonic won on time"]

1. e4 c5 2. Nc3 d6 3. d4 cxd4 4. Qxd4 Nc6 5. Qd2 g6 6. b3 Bg7 7. Bb2 Nf6 8. O-O-O O-O 9. Kb1 Be6 10. Nge2 a5 11. Nf4 Bd7 12. f3 Nb4 13. a3 Na6 14. g4 Nc5 15. g5 Ne8 16. h4 Nc7 17. h5 e5 18. Nfd5 Nxd5 19. Nxd5 Ne6 20. Bh3 Bc8 21.
f4 exf4 22. Bxg7 Kxg7 23. Qc3+ f6 24. Nxf6 Nxg5 25. h6+ Kf7 26. Nxh7 Nxh7 27. Qg7+ Ke8 28. Qxg6+ Rf7 29. Rxd6 Qe7 30. Rhd1 Bxh3 31. Qg8+ Nf8 32. h7 Rxh7 33. Qd5 Be6 34. Qb5+ Kf7 35. Rf1 Rh4 36.
Rd2 Qf6 37. Rdf2 Kg7 38. Qxb7+ Bf7 39. Qxa8 Qe5 40. Qxa5 Ng6 41. Qxe5+ Nxe5 42. Rxf4 Rxf4 43. Rxf4 Ng6 44. Rf5 Ne7 45. Re5 Kf6 46. Rc5 Be6 47. a4 Ng6 48. a5 Nf4 49. a6 Ne2 50. a7 Nd4 51. a8=Q Nxc2 52. Kxc2 Ke7 53. Qa7+ 1-0

[Event "Late-Titled-Tuesday-Blitz-April-16-2024"]
[Site "Chess.com"]
[Date "2024.04.16"]
[Round "3"]
[White "LyonBeast"]
[Black "ameetghasi100"]
[Result "1-0"]
[WhiteElo "3131"]
[BlackElo "2783"]
[TimeControl "180+1"]
[EndTime "14:28:44 PDT"]
[Termination "LyonBeast won by resignation"]

1. b3 d6 2. d4 Nf6 3. Bb2 g6 4. Nf3 Bg7 5. e3 O-O 6. Be2 Nc6 7. d5 Nb4 8. c4 c6 9. dxc6 bxc6 10.
O-O a6 11. Nc3 a5 12. Nd4 e5 13. Nf3 Re8 14. Qd2 Qc7 15. Rac1 Bf5 16. Rfd1 Bf8 17.
Ne1 Nd7 18. Nd3 Qb7 19. Nxb4 axb4 20. Na4 Nb6 21. Qxb4 Reb8 22. Qxb6 Qxb6 23. Nxb6 Rxb6 24. c5 dxc5 25. Bxe5 Rxa2 26. Bc4 Ra8 27. h3 h5 28. Bc7 Rb7 29. Bd6 Rd8 30. Be5 Rxd1+ 31. Rxd1 Rd7 32.
Rxd7 Bxd7 33. f3 Be7 34. g4 hxg4 35. hxg4 Kf8 36. Kf2 Ke8 37. Kg3 f6 38. Bc7 Bc8 39. f4 Kd7 40. Ba5 Ke8 41. Bc3 Bd7 42. e4 Bd8 43.
Kf3 Be7 44. f5 g5 45. e5 fxe5 46. Bxe5 Bd8 47. Ke4 Kf8 48. Bd6+ Be7 49. Ke5 Ke8 50. Be6 Bxd6+ 51. Kxd6 Bxe6 52. Kxe6 c4 53. bxc4 c5 54. f6 Kf8 55. f7 Kg7 56. Ke7 Kh7 57. f8=Q 1-0

[Event "Late-Titled-Tuesday-Blitz-April-16-2024"]
[Site "Chess.com"]
[Date "2024.04.16"]
[Round "3"]
[White "albayo"]
[Black "Cuchulin"]
[Result "1/2-1/2"]
[WhiteElo "2535"]
[BlackElo "2220"]
[TimeControl "180+1"]
[EndTime "14:28:44 PDT"]
[Termination "Game drawn by repetition"]

1. Nf3 c5 2. e4 Nc6 3. d4 cxd4 4. Nxd4 g6 5. c4 Nf6 6. Nc3 d6 7. Be2 Nxd4 8. Qxd4 Bg7 9. O-O O-O 10. Qd1 a5 11.
Be3 a4 12. Bd4 Qa5 13. b3 Bd7 14. Bf3 Bc6 15. Rb1 axb3 16. axb3 Qg5 17. b4 Nd7 18. b5 Ne5 19. bxc6 Nxf3+ 20. Qxf3 Bxd4 21. cxb7 Rab8 22. Nd5 e6 23. Rfd1 Bc5 24. Nf6+ Kg7 25.
Nd7 Qe7 26. Qc3+ e5 27. Nxf8 Kxf8 28. Qh3 Qc7 29. Qxh7 Rxb7 30. Qh8+ Ke7 31. Qa8 Ra7 32. Qd5 Kf8 33. Rb2 Bd4 34. Rc2 Kg7 35. g3 Qe7 36. Kg2 Qf6 37. Rd3 Ra1 38. Rf3 Qe7 39. c5 dxc5 40.
Ra2 Rxa2 41. Qxa2 Qb7 42. Qd5 Qc7 43. Qc4 Qb7 44. Qd5 Qc7 45. Rb3 Qe7 46. f3 Qg5 47. Rb7 Qd2+ 48. Kh3 Qh6+ 49. Kg2 Qd2+ 50. Kh3 Qh6+ 51. Kg2 Qd2+ 1/2-1/2

[Event "Late-Titled-Tuesday-Blitz-April-16-2024"]
[Site "Chess.com"]
[Date "2024.04.16"]
[Round "3"]
[White "Franmu14"]
[Black "egnfanclub"]
[Result "1-0"]
[WhiteElo "2721"]
[BlackElo "2368"]
[TimeControl "180+1"]
[EndTime "14:28:44 PDT"]
[Termination "Franmu14 won by resignation"]

1. e4 e5 2. Nc3 Nf6 3. Nf3 Nc6 4.
Bb5 Bd6 5. Bxc6 dxc6 6. d3 O-O 7. h3 h6 8. Be3 b5 9. Ne2 c5 10. g4 Nh7 11. Qd2 f6 12. Ng3 Be6 13. Nf5 Qd7 14.
h4 c4 15. dxc4 Bxc4 16. b3 Be6 17. O-O-O Ba3+ 18. Kb1 Qxd2 19. Rxd2 Rfd8 20. Rhd1 Rxd2 21. Rxd2 a5 22. g5 hxg5 23. hxg5 a4 24. gxf6 Nxf6 25. Ng5 Nxe4 26. Nxe6 Nxd2+ 27. Bxd2 axb3 28. cxb3 Kf7 29. Nxc7 Rd8 30. Be3 Rd1+ 31. Kc2 Ra1 32. Nxb5 Rxa2+ 33. Kd3 Bf8 34. Nfd6+ Ke6 35. Ne4 Be7 36. Nbc3 Rb2 37.
Nd2 Bb4 38. Na4 Ra2 39. Ne4 Kf5 40. Nac5 g5 41. Kc4 Be1 42. b4 g4 43. b5 Rc2+ 44. Kd5 Rb2 45. Kc6 Ba5 46. Nd6+ Kg6 47. Nc4 Ra2 48. Nxe5+ Kf5 49. Nc4 Bd8 50. Nb7 Bf6 51.
b6 g3 52. Nbd6+ Ke6 53. fxg3 Be5 54. Bf4 Bxd6 55. Nxd6 Rc2+ 56. Kb7 Kd5 57. Nc8 Ra2 58. Ne7+ Ke6 59. Nc6 Kd5 60. Nb4+ 1-0

[Event "Late-Titled-Tuesday-Blitz-April-16-2024"]
[Site "Chess.com"]
[Date "2024.04.16"]
[Round "3"]
[White "manitodeplomo"]
[Black "SergioMoralesG"]
[Result "1-0"]
[WhiteElo "2642"]
[BlackElo "2434"]
[TimeControl "180+1"]
[EndTime "14:28:45 PDT"]
[Termination "manitodeplomo won on time"]

1. d4 d5 2. c4 c6 3. Nf3 Nf6 4. Nc3 e6 5. Bg5 h6 6. Bxf6 Qxf6 7. e3 Nd7 8. Qc2 g6 9. O-O-O Bg7 10. Kb1 O-O 11.
e4 dxc4 12. Bxc4 e5 13. Rhe1 exd4 14. e5 Qd8 15. Rxd4 b5 16. Bb3 Qb6 17. Qxg6 Nc5 18. Qc2 Nxb3 19. axb3 a5 20. Rd6 a4 21. b4 Be6 22.
Ne4 a3 23. Nf6+ Bxf6 24. exf6 axb2 25. Rexe6 Ra1+ 26. Kxb2 Qa7 27. Qb3 Ra8 28. Re7 Qxf2+ 29. Rd2 R8a2+ 30. Qxa2 Rxa2+ 31. Kxa2 Qf1 32. Rd8+ Kh7 33.
Rxf7+ Kg6 34. Ne5+ Kf5 35. Rfd7 Kxe5 36. f7 Qc4+ 37. Kb2 Qxb4+ 38. Kc2 Qc4+ 39. Kd2 Qf4+ 40. Ke2 Qe4+ 41. Kf2 Qf4+ 42. Ke1 Qe3+ 43. Kd1 Qg1+ 44.
Kc2 Qxg2+ 45. Kc3 Qf3+ 46. Kb4 Qf4+ 47. Ka5 Qa4+ 48. Kb6 1-0

[Event "Late-Titled-Tuesday-Blitz-April-16-2024"]
[Site "Chess.com"]
[Date "2024.04.16"]
[Round "3"]
[White "nassimzrikem"]
[Black "Fengwi"]
[Result "1/2-1/2"]
[WhiteElo "2263"]
[BlackElo "2440"]
[TimeControl "180+1"]
[EndTime "14:28:46 PDT"]
[Termination "Game drawn by repetition"]

1. d4 g6 2. e4 Bg7 3. Nc3 d6 4. Be3 a6 5. Qd2 b5 6. a4 b4 7.
Nd1 a5 8. f3 Nd7 9. Bb5 Ba6 10.
Bc6 Rb8 11. Ne2 e6 12. O-O Ne7 13. Bb5 Bxb5 14. axb5 Rxb5 15. c4 bxc3 16. Ndxc3 Rb7 17. Rxa5 O-O 18. Rfa1 Qb8 19. R1a2 Rd8 20. g3 c5 21. Kg2 cxd4 22. Bxd4 Ne5 23. Bxe5 dxe5 24. Qc2 Nc6 25. Ra8 Qxa8 26. Rxa8 Rxa8 27. Nd5 Nd4 28. Nxd4 exd4 29. Nf4 Rab8 30. Nd3 Rb3 31. e5 Bxe5 32. f4 Bf6 33. Kf3 h5 34. h4 Kg7 35. Ke4 R3b5 36. Qc7 R8b7 37. Qc6 R5b6 38. Qc8 Rxb2 39. Nxb2 Rxb2 40. Kf3 Rb3+ 41. Kg2 d3 42. Qc4 Rb2+ 43. Kf3 d2 44.
Qd3 Ra2 45. Ke2 Kh7 46. Kd1 Be7 47. Qd7 Bb4 48. Qxf7+ Kh6 49. Qf6 Kh7 50. Qf7+ Kh6 51. Qf6 Kh7 52. Qf7+ 1/2-1/2

[Event "Late-Titled-Tuesday-Blitz-April-16-2024"]
[Site "Chess.com"]
[Date "2024.04.16"]
[Round "3"]
[White "Cluke86"]
[Black "dosto07"]
[Result "1/2-1/2"]
[WhiteElo "2331"]
[BlackElo "2517"]
[TimeControl "180+1"]
[EndTime "14:28:48 PDT"]
[Termination "Game drawn by repetition"]

1. e4 e5 2. Nf3 Nc6 3. d4 exd4 4. Bc4 Bc5 5. c3 d6 6. cxd4 Bb6 7. h3 Nf6 8. Nc3 O-O 9. Bg5 h6 10. Bh4 g5 11. Bg3 Re8 12. e5 dxe5 13. dxe5 Qxd1+ 14. Rxd1 Nh5 15. Bh2 Nf4 16. Bxf4 gxf4 17. Nd5 Kg7 18. O-O Be6 19. b3 Rad8 20. Nxf4 Bxc4 21. Rxd8 Rxd8 22.
bxc4 Nd4 23. Nh4 Ne6 24. Nf5+ Kh7 25. Nd5 c6 26. Nxb6 axb6 27. f4 Rd2 28. Nd6 Kg8 29.
f5 Nd4 30. Nxb7 Rxa2 31. Nd6 Re2 32. Rd1 c5 33. Rb1 Rxe5 34. Rxb6 Nxf5 35. Nxf5 Rxf5 36. Rc6 Kg7 37. g4 Re5 38. Kg2 h5 39. Kg3 hxg4 40. hxg4 f6 41. Kf4 Kf7 42. Rc7+ Ke6 43. Rc6+ Ke7 44.
Rc7+ Kd6 45. Rf7 Ke6 46. Rc7 Kd6 47. Rf7 Ke6 48. Rc7 Rg5 49. Rc6+ Kf7 50. Rc7+ Kg6 51. Rc6 Re5 52. Rc7 Re1 53. Rxc5 Rf1+ 54. Kg3 Rg1+ 55. Kf3 Rf1+ 56. Kg3 Rg1+ 57. Kf3 Rc1 58. Rc8 Kg5 59. Rg8+ Kh6 60. Rf8 Kg6 61. Rg8+ Kf7 62. Rc8 Ke6 63.
c5 Kd7 64. Rf8 Ke7 65. Rc8 Kd7 66. Rf8 Ke6 67. Rc8 Kd7 1/2-1/2

[Event "Late-Titled-Tuesday-Blitz-April-16-2024"]
[Site "Chess.com"]
[Date "2024.04.16"]
[Round "3"]
[White "cansun"]
[Black "akanga001"]
[Result "0-1"]
[WhiteElo "2364"]
[BlackElo "2125"]
[TimeControl "180+1"]
[EndTime "14:28:50 PDT"]
[Termination "akanga001 won by resignation"]

1. e4 e6 2. d4 d5 3. e5 c5 4. c3 Ne7 5. Nf3 Nec6 6. a3 a5 7. Bd3 b6 8. O-O Ba6 9. Bg5 Qd7 10. Re1 Bxd3 11. Qxd3 cxd4 12. cxd4 Na7 13. a4 Nbc6 14. Nc3 Nb4 15. Qe2 Rc8 16. Rec1 h6 17. Bd2 Be7 18. Ne1 O-O 19. Nd3 Nac6 20. Nb5 Nxd3 21. Qxd3 Bb4 22. h3 Bxd2 23. Qxd2 Nb4 24. Nd6 Rxc1+ 25. Rxc1 f6 26. f4 fxe5 27. fxe5 Qe7 28. Rf1 Rxf1+ 29. Kxf1 Qh4 30.
Nc8 Qd8 31. Qc3 Nd3 32. Nd6 Nb4 33. Qf3 Kh7 34. Qg4 Qd7 35. Qf3 Qxa4 36. Qf7 Qa1+ 37. Kf2 Qxb2+ 38. Kg3 Qc3+ 39. Kh2 Qxd4 40. Qxe6 Qf4+ 41.
Kg1 Nd3 42. Qf5+ Qxf5 43. Nxf5 Nxe5 44. Ne3 a4 45. Nxd5 a3 46. Nb4 b5 47. Kf2 Nd3+ 48.
Ke3 Nxb4 49. Kd2 a2 0-1

[Event "Late-Titled-Tuesday-Blitz-April-16-2024"]
[Site "Chess.com"]
[Date "2024.04.16"]
[Round "3"]
[White "MeisterJabo"]
[Black "Meri-Arabidze"]
[Result "1-0"]
[WhiteElo "2495"]
[BlackElo "2661"]
[TimeControl "180+1"]
[EndTime "14:28:55 PDT"]
[Termination "MeisterJabo won on time"]

1. c4 e6 2. Nf3 d5 3. g3 Nf6 4. Bg2 dxc4 5. Qa4+ Nbd7 6. Qxc4 c5 7. O-O b6 8. d4 Bb7 9. Rd1 Rc8 10. Nc3 Be7 11. Bf4 O-O 12. Rac1 a6 13. Qb3 b5 14. dxc5 Bxc5 15.
Bd6 Bxd6 16. Rxd6 Qe7 17. Rcd1 Nd5 18. Rxd7 Qxd7 19. e4 b4 20. Na4 Bc6 21. Nb6 Nxb6 22. Rxd7 Bxd7 23. h4 a5 24. Ne5 Bb5 25. Kh2 h6 26. Bh3 Nc4 27. Nxf7 Kxf7 28. Qf3+ Ke7 29. Qg4 Bd7 30. b3 Nd6 31. Qxg7+ Rf7 32. Qxh6 Rxf2+ 33. Kg1 Rf6 34. Qg7+ Rf7 35. Qg5+ Kf8 36. e5 Nf5 37. h5 Rc2 38. h6 Rxa2 39. Bxf5 exf5 40. Qd8+ Be8 41.
Qd6+ Kg8 42. Qg6+ Kf8 43. h7 Rxh7 44. Qxh7 Ra1+ 45. Kg2 a4 46. Qxf5+ Ke7 47. Qf6+ Kd7 48. Qd6+ Kc8 49. Qxb4 a3 50. Qc5+ Kd8 51. Qd6+ Kc8 52. Qc5+ Kd8 53. Qd4+ Kc8 54. Qxa1 Bc6+ 55. Kf2 1-0

[Event "Late-Titled-Tuesday-Blitz-April-16-2024"]
[Site "Chess.com"]
[Date "2024.04.16"]
[Round "3"]
[White "TheoSlade"]
[Black "th3d4rkness"]
[Result "0-1"]
[WhiteElo "2366"]
[BlackElo "2147"]
[TimeControl "180+1"]
[EndTime "14:28:55 PDT"]
[Termination "th3d4rkness won by checkmate"]

1. d4 Nf6 2. c4 g6 3. Nc3 d5 4.
cxd5 Nxd5 5. e4 Nxc3 6. bxc3 Bg7 7.
Be3 O-O 8. Rc1 c5 9. Qd2 Nc6 10. d5 Ne5 11. h3 b6 12. f4 Nd7 13. Nf3 Bb7 14. Bd3 f5 15. exf5 gxf5 16. c4 e5 17.
dxe6 Bxf3 18. exd7 Bc6 19. O-O Qxd7 20. Qc2 Rad8 21.
Rcd1 Qe6 22. Rfe1 Qf7 23. Bc1 Bd4+ 24. Kh2 Kh8 25. Bb2 Rg8 26. Rd2 Bxb2 27. Qxb2+ Rd4 28. Bf1 Rd8 29. Red1 Qg7 30. Rxd4 Rxd4 31. Rxd4 Qxd4 32.
Qxd4+ cxd4 33. g4 fxg4 34. hxg4 Be4 35. Kg3 Kg7 36. f5 Bb1 37. a3 d3 38. Kf3 d2 39.
Ke2 h5 40. Kxd2 hxg4 41. Ke3 Bxf5 42. Kf4 Kf6 43. Be2 g3 44. Kxg3 Ke5 45. Kf3 Kd4 46.
Kf4 Be6 47. Bd1 Bxc4 48. Kf3 Kc3 49. Ke4 Bb3 50. Bh5 Kb2 51. Kd3 Kxa3 52. Kc3 a5 53.
Be8 Ba4 54. Bf7 b5 55. Kd2 b4 56. Kc1 b3 57. Kb1 Kb4 58. Bg6 Bb5 59. Kb2 a4 60. Kb1 a3 61. Bf5 b2 62. Bg6 Kc3 63. Ka2 Kb4 64.
Bh7 Bc4+ 65. Kb1 Kc3 66. Bg6 a2# 0-1